Map: Nightshade LE

Players

NoobKnight

  • Race: Protoss Protoss
  • Spawn Location: 11:00

antagomiR - Winner!

  • Race: Protoss Protoss
  • League: Gold
  • Spawn Location: 5:00

VOD

Have the link to the VOD?

Description

Time

  • Played on: April 16, 2020, 5:31 p.m.
  • Length: 5:58
Show
View Real Time Build Order
Export as new Build Order

NoobKnight Protoss 

Build Orders: Double Forge 

Get SALT Encoding   

  12  0:00  Probe  
  13  0:13  Probe  
  14  0:25  Probe  
  15  0:31  Pylon  
  15  0:49  Probe (Chrono Boost)  
  16  0:56  Assimilator  
  16  0:59  Probe (Chrono Boost)  
  16  1:00  Gateway  
  17  1:04  Probe (Chrono Boost)  
  18  1:15  Gateway  
  18  1:16  Probe (Chrono Boost)  
  19  1:28  Probe (Chrono Boost)  
  19  1:29  Assimilator  
  20  1:33  Probe (Chrono Boost)  
  21  1:44  Probe  
  22  1:52  Cybernetics Core  
  22  1:56  Probe  
  23  2:20  Nexus  
  23  2:26  Pylon  
  23  2:41  Pylon  
  23  2:44  Pylon  
  23  2:50  Twilight Council  
  23  2:59  Forge  
  23  3:01  Forge  
  22  3:14  Stalker x2  
  22  3:18  Warp Gate  
  26  3:25  Probe (Chrono Boost)  
  27  3:37  Probe (Chrono Boost)  
  27  3:41  Probe (Chrono Boost)  
  29  3:42  Probe (Chrono Boost)  
  29  3:47  Robotics Facility  
  30  3:55  Probe x2 (Chrono Boost)  
  32  4:04  Probe (Chrono Boost)  
  32  4:07  Shield Battery  
  32  4:09  Probe (Chrono Boost)  
  34  4:18  Probe (Chrono Boost)  
  36  4:25  Probe (Chrono Boost)  
  36  4:29  Assimilator  
  36  4:30  Probe (Chrono Boost)  
  37  4:35  Probe x2 (Chrono Boost), Stalker  
  41  4:39  Stalker  
  41  4:45  Probe (Chrono Boost)  
  44  4:47  Observer  
  45  4:54  Probe (Chrono Boost)  
  46  5:05  Probe (Chrono Boost)  
  47  5:09  Probe (Chrono Boost)  
  48  5:21  Probe  
  49  5:23  Assimilator  
  49  5:25  Probe  
  50  5:33  Probe, Stalker x2  
  53  5:45  Probe  
Show
View Real Time Build Order
Export as new Build Order

antagomiR Protoss - Winner!

Build Orders:  

Get SALT Encoding   

  12  0:00  Probe  
  13  0:13  Probe  
  14  0:20  Pylon  
  14  0:25  Probe  
  15  0:39  Probe, Gateway  
  16  0:50  Assimilator  
  16  0:52  Probe  
  17  1:04  Probe (Chrono Boost)  
  18  1:09  Assimilator  
  18  1:13  Probe (Chrono Boost)  
  19  1:18  Probe (Chrono Boost)  
  20  1:36  Probe, Cybernetics Core  
  21  1:42  Pylon  
  21  1:49  Probe, Gateway  
  22  2:01  Probe  
  23  2:13  Probe  
  24  2:20  Warp Gate (Chrono Boost)  
  24  2:25  Stalker  
  26  2:36  Nexus  
  26  2:38  Probe  
  27  2:45  Pylon  
  27  2:55  Probe  
  28  3:09  Probe  
  28  3:10  Stalker (Chrono Boost)  
  28  3:11  Stalker (Chrono Boost)  
  33  3:21  Probe, Robotics Facility  
  34  3:35  Stalker  
  36  3:42  Probe  
  36  3:44  Pylon  
  37  3:52  Probe  
  37  3:54  Probe  
  39  4:02  Stalker  
  41  4:04  Probe  
  41  4:06  Pylon  
  42  4:17  Probe x2  
  43  4:18  Immortal (Chrono Boost)  
  48  4:32  Probe x2, Twilight Council  
  50  4:44  Probe x2  
  52  4:50  Observer  
  52  4:51  Stalker  
  52  4:52  Stalker  
  57  5:02  Probe  
  57  5:03  Probe  
  59  5:09  Pylon  
  59  5:13  Pylon  
  59  5:14  Probe  
  59  5:15  Probe, Immortal  
  59  5:18  Assimilator  
  59  5:20  Assimilator  
  65  5:26  Probe  
  65  5:27  Probe  
  67  5:37  Pylon  
  67  5:39  Probe  
Tags
 
League
Gold
Matchup
PvP
Replay Pack
20200422
Spawn Locations
Cross Positions
Add a new tag
Caveats
  • Supply blocks, unpowered buildings, or Contaminate may cause inaccurate times.
  • Supply counts are checked every 10 seconds.